Unix NetHack Version 3.7.0-70 Work-in-progress - last build Jan 20 2023 02:37:49 (416de4da9be3a1557180d233d1398bca634ded6a,branch:master). Game began 2023-01-29 14:05:54, ended 2023-01-29 14:46:43. Gandelf, neutral male human Monk # -------- ---------------------------------# #|......| |................................### #|......| |..-----..-|-----.-----....----.|#######-..)..<| |..|(((|..|..|..-.|...|.---- |.|# # ###---.---- |..|(((|..|..|..|.|._.|.| |.|## ## # |..|...|.--------.-...|.| -.| # # |..--|--.|./.-....|...|.| .| |........|//.|....|----.-+-- .| . |.-----..-----.--+- +..........- . |.|!%.|........| |..--+- .| . |.|%%.-....--|-| -----.| -.| . |.-----.---|...|--|/!.|.| |.| . |.......+ |...|..|?@@|.---- |.| . |.......| |...|..|m!.%....| |.| --- |.{.....--------|------....----.| |...............................| --------------------------------- Gandelf the Novice St:16 Dx:14 Co:11 In:10 Wi:18 Ch:8 Neutral S:1366 Dlvl:7 $:160 HP:0(35) Pw:37(37) AC:-3 Xp:5/224 T:1066 Burdened Latest messages: The dwarf misses! You hit the dwarf! The dwarf thrusts her dagger. The dwarf just misses! You kill the dwarf! You hear someone beseeching Chih Sung-tzu. "Hello, Gandelf! Welcome to Wonotobo's general store!" You kill the giant rat! The giant rat misses! You kill the giant rat! "Hello, Gandelf! Welcome again to Wonotobo's general store!" You see here a tin (for sale, 7 zorkmids). You see here a ruby potion (for sale, 67 zorkmids). You see here a tin wand (for sale, 200 zorkmids). You see here a scroll labeled PRATYAVAYAH (for sale, 67 zorkmids). (For instructions type a '?') Call a scroll labeled PRATYAVAYAH: l1 You see here a tin (for sale, 7 zorkmids). Wait! That's a giant mimic! The giant mimic hits! The giant mimic hits! You miss the giant mimic. The giant mimic hits! The giant mimic hits! You miss the giant mimic. Are you sure you want to pray? [yn] (n) y You begin praying to Chih Sung-tzu. You finish your prayer. You feel that Chih Sung-tzu is displeased. What do you want to read? [cdoq or ?*] ? Never mind. You already found a monster. Use 'm' prefix to force another search. You already found a monster. Use 'm' prefix to force another search. You already found a monster. Use 'm' prefix to force another search. You already found a monster. Use 'm' prefix to force another search. You cannot escape from the giant mimic! You cannot escape from the giant mimic! You cannot escape from the giant mimic! You already found a monster. Use 'm' prefix to force another search. You already found a monster. Use 'm' prefix to force another search. You already found a monster. Use 'm' prefix to force another search. What do you want to dip? [a-dg-jl-ru-zA-GJK or ?*] r What do you want to dip an uncursed lamp (lit) into? [lpJ or ?*] ? Your lamp glows with a light blue aura. Call a clear potion: water You cannot escape from the giant mimic! The giant mimic hits! You die... Wonotobo gratefully inherits all your possessions. Do you want to see what you had when you died? [ynq] (y) q Inventory: Coins $ - 160 gold pieces Weapons D - 11 +0 arrows x - 8 cursed +0 arrows y - a +0 bow E - a +0 bow u - 4 +0 daggers Armor A - a blessed +3 dwarvish iron helm (being worn) v - a cursed -2 pair of gauntlets of fumbling a - an uncursed +2 pair of leather gloves (being worn) F - an uncursed +0 pair of iron shoes (being worn) B - a cursed -1 dwarvish roundshield C - a blessed +0 dwarvish cloak G - a blessed +0 dwarvish cloak b - an uncursed +1 robe (being worn) Comestibles h - 8 uncursed apples n - an uncursed candy bar labeled "Snacky Cake" g - 3 uncursed food rations j - 5 uncursed fortune cookies i - 6 uncursed oranges Scrolls d - a blessed scroll of create monster o - an uncursed scroll of teleportation Spellbooks c - a blessed spellbook of confuse monster q - an uncursed spellbook of levitation Potions p - an uncursed potion of fruit juice J - an uncursed potion of levitation l - 4 potions of holy water Rings m - a cursed ring of teleportation Wands K - a wand of cancellation (0:6) z - a wand of make invisible (0:6) Tools r - a blessed magic lamp (lit) Gems/Stones w - 2 uncursed worthless pieces of orange glass Gandelf the Monk's attributes: Background: You were a Novice, a level 5 male human Monk. You were neutral, on a mission for Chih Sung-tzu who was opposed by Shan Lai Ching (lawful) and Huan Ti (chaotic). You were in the Gnomish Mines, on level 7. You entered the dungeon 1066 turns ago. You had 224 experience points, 96 more were needed to attain level 6. Your score was 1366 before end-of-game adjustments. Basics: You had 0 out of 35 hit points. You had all 37 energy points (spell power). Your armor class was -3. Your wallet contained 160 zorkmids. Autopickup was on, but temporarily disabled while inside the shop. Final Characteristics: Your strength was 16 (limit:18/100). Your dexterity was 14 (limit:18). Your constitution was 11 (limit:18). Your intelligence was 10 (limit:18). Your wisdom was 18 (limit:18). Your charisma was 8 (limit:18). Final Status: You were held by a giant mimic (southwest). You were not hungry. You were burdened; movement was slightly slowed. You were empty handed. You had basic skill with martial arts. Final Attributes: You were devoutly aligned. You were sleep resistant. You were poison resistant. You saw invisible. You were stealthy. You were guarded. You were fast. You were unlucky. Chih Sung-tzu was angry with you. You are dead. Miscellaneous: You never encountered a bones level. Total elapsed playing time was 40 minutes and 48 seconds. Major events: Turn 1: Gandelf the neutral male human Monk entered the dungeon 527: entered the Gnomish Mines 562: attained the rank of Novice (level 3) 864: reached Mine Town 1066: killed by a giant mimic Vanquished creatures: a leprechaun a gnome leader 2 gnomish wizards 4 dwarves a rabid rat a hobbit 2 giant rats a green mold 10 gnomes 2 geckos 5 jackals 2 grid bugs a newt 33 creatures vanquished. No species were genocided or became extinct. Voluntary challenges: You followed a strict vegan diet. You never hit with a wielded weapon. You read items or engraved 1 time. You never engraved Elbereth. You never genocided any monsters. You never polymorphed an object. You never changed form. You used no wishes. Achievements: You entered the Gnomish Mines. You attained the rank of Novice. You entered Minetown. You entered a shop. You entered a temple. The Dungeons of Doom: levels 1 to 6 Level 1: Level 2: Level 3: A fountain. Level 4: Stairs down to The Gnomish Mines. Level 5: Some fountains. Level 6: The Gnomish Mines: levels 5 to 7 Level 5: Level 6: Level 7: <- You were here. Many shops, a temple to Chih Sung-tzu, a fountain. Final resting place for you, killed by a giant mimic. Game over: ---------- / \ / REST \ / IN \ / PEACE \ / \ | Gandelf | | 0 Au | | killed by a | | giant mimic | | | | | | 2023 | *| * * * | * _________)/\\_//(\/(/\)/\//\/|_)_______ Goodbye Gandelf the Monk... You died in The Gnomish Mines on dungeon level 7 with 1206 points, and 0 pieces of gold, after 1066 moves. You were level 5 with a maximum of 35 hit points when you died.